Match 40987111
Unlisted

Match 40987111
End
Kettenkrad Recon Vehicle
Construct Infanterie Kompanie
MG 42 Machine Gun Team
Selects Breakthrough Battlegroup
Selects Assault Grenadiers
Grenadier Squad
Grenadier Squad
Medical Station
Selects 2.5-tonne Cargo Truck
Grenadier Squad
2.5-tonne Cargo Truck
Construct Luftwaffe Kompanie
Infanterie Officer Quarters
Jäger Squad
Support Elements
Selects Blitzkrieg
Wirbelwind Flakpanzer
Pioneer Squad
bolihaimian
Bran
0
0

Comments sign in to comment!

No comments posted yet!